 Dungeon Crawl Stone Soup version 0.27-a0-1158-gaa87e14f67 (webtiles) character file.

Game seed: 14737812000150201737

4 Froggeryz the Ducker (level 1, -1/10 HPs)
             Began as a Felid Berserker on May 15, 2021.
             Was a Follower of Trog.
             Slain by a jackal (2 damage)
             ... on level 1 of the Dungeon.
             The game lasted 00:00:11 (99 turns).

Froggeryz the Ducker (Felid Berserker)                Turns: 99, Time: 00:00:12

Health: -1/10      AC:  1    Str: 13    XL:     1   Next: 58%
Magic:  2/2        EV: 15    Int:  8    God:    Trog [*.....]
Gold:   0          SH:  0    Dex: 15    Spells: 0/0 levels left
                                        Lives:  0   Deaths: 0

rFire    . . .     SeeInvis +     - Unarmed
rCold    . . .     Faith    .   (shield unavailable)
rNeg     . . .     Spirit   .   (armour unavailable)
rPois    .         Reflect  .   (helmet unavailable)
rElec    .         Harm     .   (cloak unavailable)
rCorr    .         Rampage  .   (gloves unavailable)
Will     .....                  (boots unavailable)
Stlth    +.........             (no amulet)
HPRegen  0.03/turn              (no ring)
MPRegen  0.08/turn              (no ring)

@: constricted, quick
A: very small, claws 1, fangs 3, see invisible, speed 1, shaggy fur 1, stealthy
paws, no weapons or thrown items, no armour, multi-lived
a: Renounce Religion, Berserk


You were on level 1 of the Dungeon.
You worshipped Trog.
Trog was aware of your devotion.
You visited 1 branch of the dungeon, and saw 1 of its levels.

Inventory:

Potions
 a - a potion of lignification {unknown}


   Skills:
 - Level 3.0 Fighting
 + Level 4.1 Dodging
 * Level 3.2 Unarmed Combat


You couldn't memorise any spells.
You didn't know any spells.
Your spell library was empty.

Dungeon Overview and Level Annotations

Branches:
Dungeon (1/15)

Altars:


Innate Abilities, Weirdness & Mutations

You have sharp claws.
You have razor-sharp teeth.
You have supernaturally acute eyesight. (SInv)
You cover ground quickly. (Speed+)
You are covered in fur. (AC +1)
Your paws help you pounce on unaware monsters.
You are incapable of wielding weapons or throwing items.
You cannot wear armour.
You gain extra lives every three experience levels.


Message History

The kobold moves out of view.
A kobold is nearby!
A kobold is nearby!
A jackal comes into view.
The kobold throws a stone.
The stone closely misses you.
The kobold throws a stone.
The stone misses you.
A ball python comes into view.
The ball python hisses angrily.
You scratch the kobold.
The kobold is severely wounded.
You hear an angry hiss.
The kobold misses you.
You scratch the kobold.
You kill the kobold!
Trog accepts your kill.
A jackal comes into view.
You miss the jackal.
The jackal barks!
The jackal misses you.
You scratch the jackal but do no damage.
The jackal misses you. The jackal closely misses you.
You closely miss the jackal. The jackal bites you.
The ball python closely misses you. x2
You closely miss the jackal.
The jackal pauses to sniff the ground.
The jackal misses you. The ball python misses you.
The ball python barely misses you.
A frilled lizard comes into view.
The jackal completely misses you.
You completely miss the jackal.
The frilled lizard hisses angrily.
The jackal closely misses you. The ball python misses you.
The ball python grabs you. The ball python constricts you.
A frilled lizard comes into view.
You scratch the ball python.
The ball python is heavily wounded.
The jackal bites you. The ball python bites you.
* * * LOW HITPOINT WARNING * * *
x2 The ball python constricts you.
The jackal bites you.
You die...

..............#####.#.##
###.....#####.###
...##.##......... .
#.≈.≈.#.###.###
#..≈.≈..#.##.#
#≈≈≈≈.≈≈≈≈#.#.#
..≈.≈≈≈.≈..#..###.#+
...≈≈_≈≈(..#.h......
..≈≈.≈≈...#@h......
..≈.≈.≈...#)S......
≈.≈.≈.≈..#.......#
≈...≈.≈#.#......# ....≈.
# ......# ....l.#
......# .....l.


You could see 2 jackals, a ball python and 2 frilled lizards.

Vanquished Creatures
  A hobgoblin (D:1)
  A kobold (D:1)
  2 ball pythons (D:1)
4 creatures vanquished.

Notes
Turn   | Place    | Note
-------+----------+-------------------------------------------
     0 | D:1      | Froggeryz the Felid Berserker began the quest for the Orb.
     0 | D:1      | Reached XP level 1. HP: 10/10 MP: 2/2
    84 | D:1      | Found a faded altar of an unknown god.
    99 | D:1      | Slain by a jackal

Illustrated notes

Levels and vault maps discovered:
D:1:      zelgadis_glass_arrival_small, layout_basic,
          shapermc_ecumenical_altar_starsandcircs, minivault_4,
          minmay_split_cup_large

Action                   || total
-------------------------++-------
Melee: Unarmed           ||    17
Dodge: Dodged            ||    22

Table legend: (Time is in decaauts)
 A = Elapsed time spent in this place.
 B = Non-inter-level travel time spent in this place.
 C = Inter-level travel time spent in this place.
 D = Time resting spent in this place.
 E = Time spent auto-exploring this place.
 F = Levels seen in this place.
 G = Mean time per level.
                   A        B        C        D        E       F      G
               +--------+--------+--------+--------+--------+-----+--------+
         Total |     90 |     90 |      0 |      0 |     67 |   1 |   90.0 |
       Dungeon |     90 |     90 |      0 |      0 |     67 |   1 |   90.0 |
               +--------+--------+--------+--------+--------+-----+--------+

Top non-repeatable levels by time:
     D:1: 90 daAuts
